 Dungeon Crawl Stone Soup version 0.28-a0-1190-g77e1c55843 (console) character file.

Game seed: 6062886854120672935

14 Goblin1989 the Sneak (level 2, 0/22 HPs)
             Began as a Demonspawn Brigand on Dec 19, 2021.
             Succumbed to a goblin's poison
             ... on level 1 of the Dungeon.
             The game lasted 00:01:18 (471 turns).

Goblin1989 the Sneak (Demonspawn Brigand)            Turns: 471, Time: 00:01:18

Health: 0/22       AC:  5    Str: 11    XL:     2   Next: 31%
Magic:  2/2        EV: 11    Int: 12    God:
Gold:   19         SH:  0    Dex: 14    Spells: 1/1 levels left

rFire   . . .      SeeInvis .   a - +2 dagger
rCold   . . .      Faith    .   (no shield)
rNeg    . . .      Spirit   .   b - +0 robe
rPois   .          Reflect  .   (no helmet)
rElec   .          Harm     .   c - +0 cloak
rCorr   .          Rampage  .   (no gloves)
Will    .....                   (no boots)
Stlth   +++.......              (no amulet)
HPRegen 0.07/turn               (no ring)
MPRegen 0.08/turn               (no ring)

@: lethally poisoned (0 -> -6)
A: thin metallic scales 1
a: no special abilities


You were on level 1 of the Dungeon.
You visited 1 branch of the dungeon, and saw 1 of its levels.

You collected 19 gold pieces.

Inventory:

Hand Weapons
 a - a +2 dagger (weapon)
Missiles
 d - 8 poisoned darts (quivered)
 e - 2 curare-tipped darts
Armour
 b - a +0 robe (worn)
 c - a +0 cloak (worn)


   Skills:
 - Level 2.0 Fighting
 + Level 2.3 Short Blades
 - Level 1.7 Throwing
 - Level 0.8 Dodging
 + Level 4.0 Stealth


You had one spell level left.
You didn't know any spells.
Your spell library was empty.

Dungeon Overview and Level Annotations

Branches:
Dungeon (1/15)

Altars:


Innate Abilities, Weirdness & Mutations

You are partially covered in thin metallic scales. (AC +2)


Message History

No target in view!
No target in view!
No target in view!
No target in view!
No target in view!
Things that are here:
a +0 dagger; a goblin corpse; Health restored: 22 You enter the shallow water.
Moving in this stuff is going to be slow.
Things that are here:
a +0 club; a stone You enter the shallow water.
Moving in this stuff is going to be slow.
A ball python comes into view.
A ball python is nearby!
A goblin comes into view. It is wielding a +0 club.
Found a fuming white potion.
Found a robe.
A rat comes into view.
A goblin comes into view. It is wielding a +2 dagger of venom.
The goblin shouts!
The goblin shouts!
The ball python hisses angrily.
You hit the rat.
You kill the rat!
You hit the goblin.
You kill the goblin!
The goblin hits you with a +2 dagger of venom.
You are poisoned.
The ball python bites you. The ball python barely misses you.
You take 6 damage, and have 16/22 hp.
MASSIVE DAMAGE!!
You barely miss the goblin.
You feel very sick. The goblin misses you.
The ball python bites you but does no damage.
The ball python grabs you. The ball python constricts you.
You take 3 damage, and have 13/22 hp.
Unknown command.
Unknown command.
You are too injured to fight recklessly!
You are too injured to fight recklessly!
You are too injured to fight recklessly!
You are too injured to fight recklessly!
You are too injured to fight recklessly!
You are too injured to fight recklessly!
You are too injured to fight recklessly!
You are too injured to fight recklessly!
You are too injured to fight recklessly!
You are too injured to fight recklessly!
You are too injured to fight recklessly!
You are too injured to fight recklessly!
You are too injured to fight recklessly!
You are too injured to fight recklessly!
You are too injured to fight recklessly!
You are too injured to fight recklessly!
You are too injured to fight recklessly!
You are too injured to fight recklessly!
You are too injured to fight recklessly!
You are too injured to fight recklessly!
You are too injured to fight recklessly!
You are too injured to fight recklessly!
You escape the ball python's grasp.
You feel sick.
You take 1 damage, and have 12/22 hp.
You feel sick.
You take 2 damage, and have 10/22 hp.
You feel sick.
You take 1 damage, and have 9/22 hp.
You feel sick.
You feel sick.
You take 1 damage, and have 8/22 hp.
Found an emerald potion.
You feel sick.
You take 1 damage, and have 7/22 hp.
You feel sick.
You are no longer poisoned.
You take 1 damage, and have 6/22 hp.
The goblin closely misses you.
You closely miss the goblin.
The goblin hits you with a +2 dagger of venom.
* * * LOW HITPOINT WARNING * * *
You are lethally poisoned!
You take 1 damage, and have 5/22 hp.
You hit the goblin.
The goblin is heavily wounded.
* * * LOW HITPOINT WARNING * * *
You feel very sick. The goblin hits you but does no damage.
You take 3 damage, and have 2/22 hp.
You hit the goblin.
You kill the goblin!
* * * LOW HITPOINT WARNING * * *
You feel sick.
The ball python bites you but does no damage.
The ball python closely misses you.
Your Stealth skill increases to level 4!
You take 1 damage, and have 1/22 hp.
You aren't carrying any potions.
You hit the ball python.
You kill the ball python!
You die...

██.....█.██..█.█
[.........†....█
..!.....).█ ..........█
..........█ █........█
█████..█.█ ██.█)█
.██████.█@████...
................!
.....██.█.████... ....
█.....██... ...
█.........█ ██
█.........██████████
████.........██........
█......█.....██........
█......█.....██........


There were no monsters in sight!

Vanquished Creatures
  An endoplasm (D:1)
  2 giant cockroaches (D:1)
  4 goblins (D:1)
  3 ball pythons (D:1)
  2 bats (D:1)
  2 kobolds (D:1)
  A rat (D:1)
15 creatures vanquished.

Notes
Turn   | Place    | Note
-------+----------+-------------------------------------------
     0 | D:1      | Goblin1989 the Demonspawn Brigand began the quest for the
                  | Orb.
     0 | D:1      | Reached XP level 1. HP: 16/16 MP: 1/1
   331 | D:1      | Gained mutation: You are partially covered in thin metallic
                  | scales. (AC +2) [demonic ancestry]
   331 | D:1      | Reached XP level 2. HP: 22/22 MP: 2/2
   470 | D:1      | HP: 1/22 [poisoned by a goblin]
   471 | D:1      | Reached skill level 4 in Stealth
   471 | D:1      | Succumbed to a goblin's poison

Illustrated notes

Levels and vault maps discovered:
D:1:      mushboom_english_gardens, layout_basic,
          chequers_ecumenical_altar_simple, serial_shops, shop, minivault_14,
          minmay_tetromino_o2

Skill      XL: |  1  2 |
---------------+-------+-----
Short Blades   | 2 |  2.3
Stealth        | 4 |  4.0
Fighting       | |  2.0
Throwing       | |  1.7
Dodging        | |  0.8

Action                   || total
-------------------------++-------
Melee: Dagger            ||    38
Armor: Robe              ||    21
Dodge: Dodged            ||    34

Table legend: (Time is in decaauts)
 A = Elapsed time spent in this place.
 B = Non-inter-level travel time spent in this place.
 C = Inter-level travel time spent in this place.
 D = Time resting spent in this place.
 E = Time spent auto-exploring this place.
 F = Levels seen in this place.
 G = Mean time per level.
                   A        B        C        D        E       F      G
               +--------+--------+--------+--------+--------+-----+--------+
         Total |    470 |    470 |      0 |      0 |    361 |   1 |  470.0 |
       Dungeon |    470 |    470 |      0 |      0 |    361 |   1 |  470.0 |
               +--------+--------+--------+--------+--------+-----+--------+

Top non-repeatable levels by time:
     D:1: 470 daAuts
